 Dungeon Crawl Stone Soup version 0.19-a0-1021-g80cc50c (webtiles) character file.

53552 4thArraOfDagon the Bludgeoner (level 14, -9/133 HPs)
             Began as a Minotaur Chaos Knight on July 27, 2016.
             Was a High Priest of Makhleb.
             Killed from afar by a deep elf knight (28 damage)
             ... with an orb of energy
             ... on level 2 of the Elven Halls.
             The game lasted 00:56:37 (10020 turns).

4thArraOfDagon the Bludgeoner (MiCK)               Turns: 10020, Time: 00:56:38

Health: -9/133     AC: 14    Str: 15    XL:     14   Next: 31%
Magic:  17/17      EV: 16    Int: 15    God:    Makhleb [*****.]
Gold:   265        SH:  0    Dex: 13    Spells: 0 memorised, 13 levels left

rFire  . . .     SeeInvis .     x - +10 dire flail of Callousness {holy, Int+3}
rCold  . . .     Gourm    .     X - +0 troll leather armour
rNeg   . . .     Faith    .     (shield currently unavailable)
rPois  .         Spirit   .     (helmet unavailable)
rElec  .         Dismiss  .     u - +2 cloak
rCorr  .         Reflect  .     R - +0 pair of gloves (curse)
SustAt .         Harm     .     F - +0 pair of boots
MR     +....     Rnd*Rage +     (no amulet)
Stlth  +.........               k - +5 ring of evasion
                                m - +3 ring of dexterity

@: somewhat resistant to hostile enchantments, very unstealthy
A: retaliatory headbutt, beak, horns 3, rugged brown scales 1, berserk 1, blurry
vision 1, mutation resistance 1, weak 2, MP-powered wands
a: Minor Destruction, Lesser Servant of Makhleb, Major Destruction, Greater
Servant of Makhleb, Renounce Religion


You were on level 2 of the Elven Halls.
You worshipped Makhleb.
Makhleb was extremely pleased with you.
You were not hungry.

You visited 4 branches of the dungeon, and saw 17 of its levels.
You visited the Abyss 2 times.
You visited 1 bazaar.
You also visited: Ossuary.

You collected 1566 gold pieces.
You spent 1301 gold pieces at shops.

Inventory:

Hand Weapons
 a - a +0 hand axe of chaos
 x - the +10 dire flail of Callousness (weapon) {holy, Int+3}
   (You bought it in a shop on level 6 of the Dungeon)

   It has been blessed by the Shining One to cause great damage to the undead
   and demons.
   It affects your intelligence (+3).
 y - a +0 dire flail of crushing
 B - the +1 long sword "Nisihura" {venom, +Inv rC- rN+}
   (You found it on level 5 of the Dungeon)

   It poisons the flesh of those it strikes.
   It makes you vulnerable to cold.
   It protects you from negative energy.
   It lets you turn invisible.
Missiles
 V - 3 throwing nets (quivered)
Armour
 u - a +2 cloak (worn)
 C - a +0 plate armour of fire resistance
 F - a +0 pair of boots (worn)
 R - a cursed +0 pair of gloves (worn)
 T - a +3 ring mail
 W - the +3 chain mail "Wel Ummu" {Dex+3}
   (You found it on level 11 of the Dungeon)

   It affects your dexterity (+3).
 X - a +0 troll leather armour (worn)
Magical Staves
 Q - an uncursed staff of cold
 Y - an uncursed staff of poison
Jewellery
 k - a +5 ring of evasion (right hand)
 m - a +3 ring of dexterity (left hand)
 r - an uncursed ring of fire
 A - an uncursed ring of flight
 E - an uncursed ring of resist corrosion
 P - an uncursed ring of protection from fire
 S - an uncursed ring of ice
 Z - an uncursed ring of see invisible
Wands
 b - a wand of lightning (6/15)
 g - a wand of paralysis (0/24)
 h - a wand of enslavement (11/24)
 j - a wand of digging (2/24)
 v - a wand of teleportation (4/9)
 I - a wand of flame (31/48)
 J - a wand of iceblast (4/15)
 K - a wand of random effects (38/48)
 M - a wand of iceblast (5/15)
Scrolls
 i - a scroll of enchant armour
 l - a scroll of amnesia
 p - 3 scrolls of magic mapping
 s - 5 scrolls of remove curse
 w - 3 scrolls of recharging
 G - 2 scrolls of fog
 U - a scroll of immolation
Potions
 e - a potion of brilliance
 n - 4 potions of might
 q - 2 potions of magic
 t - a potion of curing
 z - a potion of haste
 D - a potion of flight {unknown}
 O - a potion of ambrosia {unknown}
Miscellaneous
 L - a phial of floods
Comestibles
 c - 8 bread rations
 f - 4 meat rations
 N - 6 royal jellies


   Skills:
 + Level 13.9 Fighting
 - Level 10.2(14.6) Axes
 * Level 16.9(17.8) Maces & Flails
 + Level 13.9 Armour
 - Level 1.1 Dodging
 - Level 6.0 Invocations
 - Level 6.0 Evocations


You had 13 spell levels left.
You didn't know any spells.

Dungeon Overview and Level Annotations

Branches:
Dungeon (12/15)            Temple (1/1) D:6            Lair (0/6) D:9
    Orc (2/2) D:11            Elf (2/3) Orc:2

Altars:
Ashenzari
Cheibriados
Dithmenos
Gozag
Kikubaaqudgha
Makhleb
Nemelex Xobeh
Pakellas
Qazlal
Ru
Trog
Uskayaw
Xom
Yredelemnul
The Shining One
Beogh

Shops:
D:6 (   D:7 !   Orc:2 [?(*   Elf:1 %

Annotations:
D:3 feamirim's ghost, amateur OpFE
D:4 crawlian's ghost, amateur DEFE


Innate Abilities, Weirdness & Mutations

You reflexively headbutt those who attack you in melee.
You have a pair of large horns on your head.
You have a beak for a mouth.
You are partially covered in rugged brown scales. (AC +1, +3% HP)
You tend to lose your temper in combat.
Scrolls take you a little longer to read.
You are somewhat resistant to further mutation.
You are very weak. (Str -4)
You expend magic power (3 MP) to strengthen your wands.


Message History

The deep elf knight unwields an uncursed scimitar.
The deep elf knight wields a shortbow.
The deep elf knight shoots an arrow.
The arrow hits you!
* * * LOW HITPOINT WARNING * * *
A deep elf archer comes into view. It is wielding a dagger.
You see here an arrow.
Unknown command.
Unknown command.
You see here a war axe of electrocution.
Unknown command.
Unknown command.
Okay, then.
Okay, then.
Unknown command.
Evoke which item? (* to show all) (? for menu, Esc to quit)
Okay, then.
You feel better.
The deep elf knight gestures at you while chanting.
The orb of energy hits you!
You die...

# #.##.......#......
#......e.....#......
#.#.##..............
##.#..........#......
#....##....##.#.....>
##.#.##)#.###.# .
#.....)....##.#
#...)...#.e##.####.#
#....##.#..(@<.....#
#.##.......#..######
##........###.#
#.######..#.## #.
#...## .# #...# ..
#...# ... #...# #..
#...#


You could see a deep elf knight.

Vanquished Creatures
  A tentacled starspawn (Abyss:2)
  Agnes (Elf:1)
  2 deep elf demonologists (Elf:1)
  A green draconian (Abyss:2)
  Azrael (Orc:2)
  A deep elf death mage (Elf:1)
  A deep elf high priest (Elf:1)
  Fannar (D:11)
  Harold (D:10)
  A ghost crab (shapeshifter) (Elf:1)
  5 dancing weapons
  4 orc high priests
  A wretched star (Abyss:2)
  7 deep elf knights
  2 starcursed masses (Abyss:2)
  4 deep elf archers (Elf:1)
  8 orc knights
  A large abomination (Abyss:2)
  4 orc sorcerers (Orc:2)
  25 deep elf magi
  2 smoke demons (Abyss:2)
  2 centaur skeletons (D:10)
  An efreet (Abyss:2)
  2 trolls
  A two-headed ogre (D:10)
  A raiju (shapeshifter) (Abyss:2)
  The ghost of crawlian the Firebug, an amateur DEFE of Sif Muna (D:7)
  Sigmund (D:2)
  2 ynoxinuls (Abyss:2)
  3 fire elementals
  A basilisk (D:8)
  A hungry ghost (D:7)
  2 neqoxecs (Abyss:2)
  2 chaos spawn (Abyss:2)
  4 wargs
  5 hell hounds
  31 orc warriors
  A black bear (D:8)
  3 ice beasts
  3 sky beasts
  8 ogres
  6 centaurs
  3 big kobolds
  3 small abominations (Abyss:2)
  6 giant frogs
  3 earth elementals (Elf:1)
  4 water moccasin zombies (Ossuary)
  2 scorpions
  7 killer bees
  3 howler monkeys
  4 crimson imps
  A giant frog zombie (D:10)
  2 centaur zombies
  3 hounds
  6 jellies
  18 orc priests
  A gnoll shaman (D:7)
  21 orc wizards
  An iguana (D:10)
  5 giant frog skeletons
  Ijyb (D:2)
  Natasha (thrice) (D:2)
  8 worker ants
  3 big kobold zombies (Ossuary)
  A hound zombie (D:9)
  2 mummies (Ossuary)
  3 worker ant zombies
  11 gnolls
  6 adders
  6 oozes
  3 adder zombies (Ossuary)
  2 adder skeletons
  A worm (D:2)
  4 dart slugs
  4 giant geckos
  65 orcs
  6 bats
  5 giant cockroaches
  2 gnoll zombies (Ossuary)
  6 goblins
  13 hobgoblins
  3 jackals (D:10)
  22 kobolds
  4 quokkas
  3 ball pythons
  8 giant newts
  6 hobgoblin zombies (Ossuary)
  5 kobold zombies (Ossuary)
  3 orc zombies (Ossuary)
  6 rats
463 creatures vanquished.

Vanquished Creatures (collateral kills)
  An orc warlord (Elf:1)
  A deep elf archer (Elf:2)
  An orc knight (Orc:2)
  A deep elf mage (Elf:2)
  The ghost of Ajdolov the Tainter, a novice GrVM of Uskayaw (D:6)
  An orc warrior (D:8)
  An orc (D:8)
7 creatures vanquished.

Vanquished Creatures (others)
  A deep elf high priest (Elf:1)
  A deep elf mage (Elf:1)
  A small abomination (Abyss:2)
  An orc priest (Orc:2)
  2 orc wizards
  An orc (Orc:2)
  2 starspawn tentacles (Abyss:2)
  9 starspawn tentacle segments (Abyss:2)
18 creatures vanquished.

Grand Total: 488 creatures vanquished

Notes
Turn   | Place    | Note
-------+----------+-------------------------------------------
     0 | D:1      | 4thArraOfDagon the Minotaur Chaos Knight began the quest for the Orb.
     0 | D:1      | Reached XP level 1. HP: 19/19 MP: 0/0
    36 | D:1      | Reached XP level 2. HP: 25/27 MP: 1/1
   111 | D:2      | XOM: potion effect (brilliance)
   117 | D:2      | Noticed a howler monkey
   117 | D:2      | a gnoll changed into a howler monkey
   117 | D:2      | XOM: polymorph gnoll -> howler monkey
   120 | D:2      | XOM: swap monsters
   123 | D:2      | Reached XP level 3. HP: 30/33 MP: 2/2
   159 | D:2      | Reached skill level 5 in Axes
   159 | D:2      | Reached XP level 4. HP: 34/41 MP: 3/3
   164 | D:2      | XOM: scenery: create altars
   166 | D:2      | Noticed Ijyb
   181 | D:2      | Killed Ijyb
   326 | D:3      | XOM: smoke on damage
   341 | D:3      | XOM: swap monsters
   349 | D:3      | Reached XP level 5. HP: 27/47 MP: 4/4
   412 | D:4      | Found a sand-covered staircase.
   417 | Ossuary  | Entered an ossuary
   439 | Ossuary  | Reached skill level 5 in Fighting
   448 | Ossuary  | Reached XP level 6. HP: 13/56 MP: 5/5
   844 | D:3      | Found a sparkling altar of Nemelex Xobeh.
   884 | D:3      | Noticed feamirim's ghost (amateur OpFE)
   902 | D:3      | XOM: harmless Pois miscast
   962 | D:4      | Noticed crawlian's ghost (amateur DEFE)
   973 | D:4      | XOM: enchant monster (bad)
   976 | D:4      | XOM: enchant monster (bad)
   993 | D:4      | XOM: summons 3 hostile demons
   994 | D:4      | Noticed a chaos spawn
  1028 | D:5      | Entered Level 5 of the Dungeon
  1029 | D:5      | XOM: medium Fire miscast
  1034 | D:5      | Reached XP level 7. HP: 32/62 MP: 6/6
  1132 | D:5      | Reached skill level 1 in Evocations
  1166 | D:7      | XOM: blink monster(s)
  1178 | D:7      | XOM: medium Tmut miscast
  1182 | D:7      | Reached skill level 5 in Armour
  1256 | D:7      | Noticed crawlian's ghost (amateur DEFE)
  1257 | D:7      | XOM: summons 1 hostile demon
  1415 | D:7      | Found Isoyrush's Distillery.
  1419 | D:7      | Bought a potion of might for 40 gold pieces
  1419 | D:7      | Bought a potion of berserk rage for 50 gold pieces
  1427 | D:7      | XOM: swap monsters
  1459 | D:6      | Found Zukhuw's Antique Weapon Shoppe.
  1475 | D:6      | XOM: swap monsters
  1613 | D:6      | Found a hide-covered altar of Uskayaw.
  1716 | D:6      | XOM: 1-stop teleportation journey
  1717 | D:6      | Noticed Ajdolov's ghost (novice GrVM)
  1718 | D:6      | XOM: scenery: create altars
  1743 | D:7      | XOM: swap monsters
  1751 | D:7      | XOM: divination: magic mapping
  1769 | D:7      | Reached XP level 8. HP: 15/71 MP: 7/9
  1931 | D:6      | XOM: polymorph giant gecko -> adder
  1955 | D:6      | XOM: divination: magic mapping
  1957 | D:7      | Gained mutation: You are agile. (Dex +2) [potion of mutation]
  1957 | D:7      | Gained mutation: You are weak. (Str -2) [potion of mutation]
  1957 | D:7      | Gained mutation: You have a pair of large horns on your head. [potion of mutation]
  1968 | D:7      | Bought a potion of heal wounds for 50 gold pieces
  2006 | D:7      | XOM: summons friendly iron imp
  2016 | D:8      | XOM: cast spell 'Spider Form'
  2062 | D:8      | Lost mutation: You are agile. (Dex +2) [mutagenic meat]
  2065 | D:8      | Gained mutation: You are very weak. (Str -4) [mutagenic meat]
  2190 | D:7      | XOM: enchant monster (good)
  2213 | D:6      | XOM: harmless Summ miscast
  2244 | D:6      | Found a staircase to the Ecumenical Temple.
  2247 | Temple   | Entered the Ecumenical Temple
  2290 | Temple   | XOM: scenery: create altars
  2320 | D:6      | XOM: destruction
  2859 | D:2      | Noticed Natasha
  2870 | D:2      | Killed Natasha
  2991 | D:2      | Noticed Natasha
  2992 | D:2      | XOM: medium Tmut miscast
  2996 | D:2      | Killed Natasha
  3013 | D:2      | Gained mutation: You are clumsy. (Dex -2) [mutagenic glow]
  3036 | D:2      | Gained mutation: You expend magic power (3 MP) to strengthen your wands. [mutagenic glow]
  3053 | D:2      | Noticed Natasha
  3064 | D:2      | XOM: mild Erth miscast
  3065 | D:2      | Killed Natasha
  3077 | D:2      | Noticed Sigmund
  3084 | D:2      | Killed Sigmund
  3098 | D:1      | Gained mutation: Scrolls take you a little longer to read. [mutagenic glow]
  3488 | D:1      | XOM: cloud trail
  3758 | D:5      | XOM: divination: detect items
  3787 | D:5      | Got a pitted long sword
  3800 | D:5      | Identified the cursed +1 long sword "Nisihura" {venom, +Inv rC- rN+} (You found it on level 5 of the Dungeon)
  4039 | D:8      | Found a shattered altar of Ashenzari.
  4141 | D:8      | Reached skill level 5 in Evocations
  4141 | D:8      | Reached XP level 9. HP: 76/79 MP: 7/11
  4154 | D:8      | XOM: god gift: phial of floods
  4265 | D:6      | Killed Ajdolov's ghost
  4530 | D:6      | XOM: god gift: quick blade {god gift}
  4619 | D:7      | Killed crawlian's ghost
  4637 | D:7      | Reached skill level 10 in Axes
  4711 | D:8      | XOM: give mutations
  4711 | D:8      | Gained mutation: You have a beak for a mouth. [Xom's grace]
  4711 | D:8      | Gained mutation: You are partially covered in rugged brown scales. (AC +1, +3% HP) [Xom's grace]
  4711 | D:8      | Gained mutation: You are somewhat resistant to further mutation. [Xom's grace]
  4800 | D:8      | XOM: cast spell 'Summon Mana Viper'
  4913 | D:6      | Bought a polished dire flail for 216 gold pieces
  4913 | D:6      | Identified the +10 dire flail of Callousness {holy, Int+3} (You bought it in a shop on level 6 of the Dungeon)
  4914 | D:6      | ok...
  4962 | Temple   | XOM: scenery: 1 doors close
  4979 | Temple   | Fell from the grace of Xom
  4979 | Temple   | Became a worshipper of Makhleb the Destroyer
  5149 | D:8      | Reached skill level 1 in Maces & Flails
  5200 | D:9      | Noticed a troll
  5204 | D:9      | Killed a troll
  5204 | D:9      | Reached skill level 2 in Maces & Flails
  5204 | D:9      | Reached skill level 1 in Invocations
  5248 | D:8      | Reached * piety under Makhleb
  5257 | D:9      | Reached skill level 3 in Maces & Flails
  5314 | D:9      | XOM: draining
  5413 | D:9      | Found a staircase to the Lair.
  5427 | D:9      | Reached skill level 4 in Maces & Flails
  5427 | D:9      | Reached XP level 10. HP: 85/91 MP: 6/13
  5476 | D:9      | Reached ** piety under Makhleb
  5509 | D:9      | Found an oddly glowing altar of Pakellas.
  5640 | D:9      | Found a stormy altar of Qazlal.
  5640 | D:9      | Found a bloodstained altar of Trog.
  5659 | D:10     | Entered Level 10 of the Dungeon
  5667 | D:9      | Reached skill level 5 in Maces & Flails
  5830 | D:10     | Reached skill level 6 in Maces & Flails
  5863 | D:10     | XOM: mild Necr miscast
  5958 | D:10     | Noticed Harold
  5958 | D:10     | XOM: mild Air miscast
  6004 | D:10     | Killed Harold
  6004 | D:10     | Reached skill level 7 in Maces & Flails
  6157 | D:10     | Found a sparkling altar of Nemelex Xobeh.
  6165 | D:10     | XOM: mild Chrm miscast
  6388 | D:11     | Noticed Fannar
  6406 | D:11     | Killed Fannar
  6406 | D:11     | Reached *** piety under Makhleb
  6406 | D:11     | Reached skill level 8 in Maces & Flails
  6406 | D:11     | Reached XP level 11. HP: 98/98 MP: 10/14
  6416 | D:11     | XOM: mild Necr miscast
  6605 | D:11     | Got an agate-encrusted chain mail
  6616 | D:11     | Identified the +3 chain mail "Wel Ummu" {Dex+3} (You found it on level 11 of the Dungeon)
  6724 | D:11     | Found a staircase to the Orcish Mines.
  6745 | Orc:1    | Entered Level 1 of the Orcish Mines
  6812 | Orc:1    | XOM: harmless Tmut miscast
  6825 | Orc:1    | Reached **** piety under Makhleb
  6908 | Orc:1    | Reached skill level 9 in Maces & Flails
  6918 | Orc:1    | Found a roughly hewn altar of Beogh.
  6998 | Orc:2    | Entered Level 2 of the Orcish Mines
  6998 | Orc:2    | Found a staircase to the Elven Halls.
  7047 | Orc:2    | Noticed an orc knight
  7059 | Orc:2    | Killed an orc knight
  7059 | Orc:2    | Reached skill level 10 in Fighting
  7059 | Orc:2    | Reached skill level 10 in Armour
  7059 | Orc:2    | Reached skill level 5 in Invocations
  7201 | Orc:2    | Reached ***** piety under Makhleb
  7219 | Orc:2    | Noticed an orc knight
  7220 | Orc:2    | Noticed an orc sorcerer
  7222 | Orc:2    | Found a flickering gateway to a bazaar.
  7226 | Orc:2    | XOM: noise
  7232 | Orc:2    | Killed an orc knight
  7246 | Orc:2    | Killed an orc sorcerer
  7292 | Orc:2    | Reached skill level 10 in Maces & Flails
  7315 | Orc:2    | Noticed Azrael
  7332 | Orc:2    | Killed Azrael
  7337 | Orc:2    | Noticed an orc knight
  7353 | Orc:2    | Killed an orc knight
  7395 | Bazaar   | Entered a bazaar
  7395 | Bazaar   | Found Wudyngom's Gadget Shoppe.
  7395 | Bazaar   | Found Yduguhopn's Gadget Boutique.
  7395 | Bazaar   | Found Leweupon's Book Shoppe.
  7395 | Bazaar   | Found Kilo's Assorted Antiques.
  7399 | Bazaar   | Found Pehih's Antique Armour Emporium.
  7399 | Bazaar   | Found Puno's Antique Weapon Shop.
  7426 | Bazaar   | Bought a glowing plate armour for 828 gold pieces
  7444 | Bazaar   | Bought a potion of might for 84 gold pieces
  7608 | Orc:2    | Reached skill level 11 in Maces & Flails
  7630 | Orc:2    | Noticed an orc high priest
  7645 | Orc:2    | Noticed a sun demon
  7645 | Orc:2    | Killed an orc high priest
  7648 | Orc:2    | Noticed an orc sorcerer
  7664 | Orc:2    | Killed an orc sorcerer
  7664 | Orc:2    | Reached XP level 12. HP: 64/109 MP: 15/15
  7724 | Orc:2    | Noticed an orc high priest
  7752 | Orc:2    | Killed an orc high priest
  7783 | Orc:2    | Reached skill level 12 in Maces & Flails
  7827 | Orc:2    | Noticed an orc high priest
  7844 | Orc:2    | Killed an orc high priest
  7851 | Orc:2    | Found Karufada's Assorted Antiques.
  7851 | Orc:2    | Found Dotaozun's Antique Armour Shop.
  7853 | Orc:2    | Found Ughid's Weapon Shoppe.
  7853 | Orc:2    | Found Ipnogge's Magic Scroll Shop.
  7859 | Orc:2    | Bought a scroll labeled VOMAGURUAL for 33 gold pieces
  7902 | Elf:1    | Entered Level 1 of the Elven Halls
  7902 | Elf:1    | Noticed a deep elf high priest
  7902 | Elf:1    | Noticed a deep elf demonologist
  8059 | Elf:1    | Reached skill level 13 in Maces & Flails
  8106 | Elf:1    | Killed a deep elf high priest
  8112 | Elf:1    | Noticed a ghost crab
  8114 | Elf:1    | Killed a ghost crab
  8115 | Elf:1    | Noticed a deep elf high priest
  8116 | Elf:1    | Noticed a deep elf demonologist
  8118 | Elf:1    | Killed a deep elf high priest
  8129 | Elf:1    | Killed a deep elf demonologist
  8157 | Elf:1    | Reached skill level 14 in Maces & Flails
  8157 | Elf:1    | Reached XP level 13. HP: 119/119 MP: 16/16
  8505 | Elf:1    | Noticed Agnes
  8524 | Elf:1    | Killed Agnes
  8629 | Elf:1    | Noticed an orc warlord
  8651 | Elf:1    | Killed an orc warlord
  8747 | Elf:1    | Reached skill level 15 in Maces & Flails
  8779 | Elf:1    | Noticed a deep elf death mage
  8811 | Elf:1    | Killed a deep elf death mage
  8853 | Elf:1    | Cast into level 2 of the Abyss (a deep elf demonologist)
  8892 | Elf:1    | Escaped the Abyss
  8896 | Elf:1    | Noticed an Executioner
  8896 | Elf:1    | Noticed a balrug
  8934 | Elf:1    | XOM: give mutation
  8934 | Elf:1    | Lost mutation: You are clumsy. (Dex -2) [Xom's mischief]
  9122 | Elf:1    | Noticed a Tzitzimitl
  9123 | Elf:1    | Cast into level 2 of the Abyss (a deep elf demonologist)
  9123 | Abyss:2  | XOM: noise
  9408 | Abyss:2  | Gained mutation: You tend to lose your temper in combat. [a neqoxec]
  9426 | Abyss:2  | XOM: medium Conj miscast
  9511 | Abyss:2  | Noticed a tentacled starspawn
  9522 | Abyss:2  | Killed a tentacled starspawn
  9522 | Abyss:2  | Reached skill level 16 in Maces & Flails
  9559 | Abyss:2  | Noticed a starcursed mass
  9582 | Abyss:2  | Noticed a green draconian
  9602 | Abyss:2  | Killed a green draconian
  9611 | Elf:1    | Escaped the Abyss
  9615 | Elf:1    | Killed a deep elf demonologist
  9615 | Elf:1    | Reached XP level 14. HP: 101/132 MP: 12/17
  9797 | Elf:1    | XOM: mild Tmut miscast
  9909 | Elf:1    | Found Vejohin's Food Shoppe.
 10020 | Elf:2    | Killed from afar by a deep elf knight

Vault maps used:
D:1:      saegor_arrival_simple_a
D:2:      minmay_curled_crystal, grunt_gozag_statues, uniq_sigmund, uniq_iyjb,
          uniq_natasha
D:3:      lemuel_round_altar, first_bread
D:4:      enter_ossuary_2
D:6:      old_standard_altar, serial_shops, shop, minmay_misc_feat_more_columns,
          sigmund_army
D:7:      lemuel_doored_altar, serial_shops, shop, serial_bayou_pond_c
D:8:      minmay_curly_fans, kennysheep_mini_moat, kennysheep_mini,
          hangedman_little_slice_of_home
D:9:      amethyst_overflow_temple_binary, erik_lair_orcish_takeover,
          grunt_pakellas_sulfur
D:10:     stair_cage_wide, grunt_ministairs_1, lemuel_tele_altar, uniq_harold
D:11:     david_orc_4, uniq_fannar
D:12:     minivault_26, minmay_unpleasant_kobolds
Temple:   regret_index_temple_generic_petals
Orc:1:    basic_altar
Orc:2:    grunt_orc_tribal_feast, serial_shops, bzr_entry_water,
          nicolae_orc_sculptors_studio, uniq_azrael
Elf:1:    minmay_elf_arrival_summoners, serial_shops, shop, special_room,
          kennysheep_underground_church, uniq_agnes
Elf:2:    serial_shops, shop
Abyss:2:  evilmike_abyss_exit_15, minivault_23
Bazaar:   bazaar_minmay_generic_island
Ossuary:  ossuary_tomb_2

Skill      XL: |  1  2  3  4  5  6  7  8  9 10 11 12 13 |
---------------+----------------------------------------+-----
Fighting       | 4 5 6 7 8 9 10 12 13 | 13.9
Axes           | 4 5 6 7 8 9 10 | 10.2
Armour         | 3 4 5 6 8 9 10 12 13 | 13.9
Evocations     | 2 5 6 |  6.0
Maces & Flails | 4 8 11 14 16 | 16.9
Invocations    | 2 4 6 |  6.0
Dodging        | |  1.1

Action                   |  1- 3 |  4- 6 |  7- 9 | 10-12 | 13-15 || total
-------------------------+-------+-------+-------+-------+-------++-------
Melee: Hand axe          |    43 |   202 |   351 |       |       ||   596
       Headbutt          |     9 |    42 |    62 |    56 |    43 ||   212
       Unarmed           |       |       |     8 |       |       ||     8
       Dire flail        |       |       |    74 |   598 |   342 ||  1014
       Peck              |       |       |     7 |    60 |    48 ||   115
Throw: Throwing net      |       |       |       |     4 |       ||     4
Invok: Lesser Servant of |       |       |       |     2 |    11 ||    13
Evoke: Wand              |       |       |    15 |    12 |     8 ||    35
       Phial of floods   |       |       |     1 |       |       ||     1
  Use: Scroll            |       |     7 |     7 |     9 |     4 ||    27
       Potion            |       |     3 |     4 |     1 |     8 ||    16
 Stab: Petrified         |     1 |       |       |       |       ||     1
       Confused          |       |     2 |       |       |       ||     2
       Petrifying        |       |     2 |     1 |       |       ||     3
       Paralysed         |       |       |    24 |    24 |     3 ||    51
       Sleeping          |       |       |     1 |       |       ||     1
       Distracted        |       |       |       |       |     2 ||     2
  Eat: Beef jerky        |       |     1 |     3 |     1 |     1 ||     6
       Chunk             |       |       |     7 |     7 |     7 ||    21
       Pizza             |       |       |     3 |       |       ||     3
       Fruit             |       |       |     3 |       |       ||     3
       Royal jelly       |       |       |     1 |     1 |     2 ||     4
Armor: Leather armour    |    10 |     5 |       |       |       ||    15
       Plate armour      |       |    90 |   357 |   243 |    13 ||   703
       Skin              |       |       |     1 |       |       ||     1
       Chain mail        |       |       |       |     1 |       ||     1
       Troll leather arm |       |       |       |       |    57 ||    57
Dodge: Dodged            |    21 |    47 |    98 |   206 |   105 ||   477
